 Dungeon Crawl Stone Soup version 0.27-a0-404-g4390dbc5be (webtiles) character file.

Game seed: 6572998944973773363

10 CurlyBrace the Caller (level 2, 0/12 HPs)
             Began as a Felid Summoner on Feb 22, 2021.
             Slain by an adder (5 damage)
             ... on level 2 of the Dungeon.
             The game lasted 00:02:06 (225 turns).

CurlyBrace the Caller (Felid Summoner)               Turns: 225, Time: 00:02:07

Health: 0/12       AC:  1    Str:  4    XL:     2   Next: 10%
Magic:  5/6        EV: 18    Int: 16    God:
Gold:   0          SH:  0    Dex: 16    Spells: 4/5 levels left
                                        Lives:  0   Deaths: 0

rFire    . . .     SeeInvis +   (weapon unavailable)
rCold    . . .     Faith    .   (shield unavailable)
rNeg     . . .     Spirit   .   (armour unavailable)
rPois    .         Reflect  .   (helmet unavailable)
rElec    .         Harm     .   (cloak unavailable)
rCorr    .         Rampage  .   (gloves unavailable)
Will     .....                  (boots unavailable)
Stlth    +++.......             (no amulet)
HPRegen  0.04/turn              (no ring)
MPRegen  0.10/turn              (no ring)

@: quick
A: very small, no armour, no weapons or thrown items, stealth, claws 1, fangs 3,
see invisible, speed 1, shaggy fur 1, sharp paws
a: no special abilities


You were on level 2 of the Dungeon.
You visited 1 branch of the dungeon, and saw 2 of its levels.

Inventory:

Scrolls
 a - a scroll of identify {unknown}
Potions
 q - a potion of curing


   Skills:
 * Level 1.0 Fighting
 + Level 2.9 Dodging
 + Level 2.9 Stealth
 * Level 0.8 Unarmed Combat
 - Level 2.0 Spellcasting
 - Level 4.0 Summonings


You had 4 spell levels left.
You knew the following spells:

 Your Spells              Type           Power        Failure   Level
a - Summon Small Mammal   Summ           56%          4%          1

Your spell library contained the following spells:

 Spells                   Type           Power        Failure   Level
 Call Imp                 Summ           14%          6%          2
 Call Canine Familiar     Summ           14%          12%         3
 Summon Guardian Golem    Hex/Summ       8%           26%         3
 Summon Ice Beast         Ice/Summ       8%           65%         4
 Summon Lightning Spire   Summ/Air       8%           65%         4


Dungeon Overview and Level Annotations

Branches:
Dungeon (2/15)

Altars:
Ru


Innate Abilities, Weirdness & Mutations

You cannot wear armour.
You are incapable of wielding weapons or throwing items.
Your paws allow you to move quietly. (Stealth)
You have sharp claws.
You have razor-sharp teeth.
You have supernaturally acute eyesight. (SInv)
You cover ground quickly.
You are covered in fur. (AC +1)
Your sharp claws are effective at attacking unaware monsters.


Message History

Attack!
Unknown command.
You miss the adder. You bite the adder.
The adder is moderately wounded.
Your quokka disappears in a puff of smoke!
Your quokka closely misses the adder.
The adder closely misses you.
Unknown command.
Unknown command.
Unknown command.
You barely miss the adder.
The adder is lightly wounded.
Your quokka disappears in a puff of smoke!
Your quokka misses the adder. The adder bites you.
Unknown command.
Unknown command.
Unknown command.
You scratch the adder.
The adder is heavily wounded.
Your quokka closely misses the adder.
The adder closely misses you.
Your quokka barely misses the adder.
The adder bites you but does no damage. The ooze hits your quokka.
Unknown command.
Unknown command.
You barely miss the adder.
The adder is heavily wounded.
The adder completely misses you.
Your quokka misses the adder. The ooze hits your quokka.
Your quokka dies!
Your quokka's corpse disappears in a puff of smoke!
Unknown command.
Unknown command.
Unknown command.
An adder comes into view.
An adder comes into view.
The adder closely misses you.
A rat and a kobold come into view.
The kobold shouts!
The kobold throws a stone.
The stone hits you. The adder bites you.
You die...

#...........#
#......####.#
###......####.#
##########.............#
#....................##..S
#.# ######...........##.
#.#######......#.........
#..........J.........##.#
#))######.@S....K.....# #
#..# ##########r##.# #..#
#.# ... #..# .K. .###
#..### ... #####....# ...
#........#######
#.####.........# ### #.#
#.###.....# #<#


You could see an ooze, an adder and a kobold.

Vanquished Creatures
  A goblin (D:2)
  A frilled lizard (D:2)
  2 kobolds (D:2)
4 creatures vanquished.

Vanquished Creatures (collateral kills)
  An adder (D:2)
  A kobold (D:2)
2 creatures vanquished.

Grand Total: 6 creatures vanquished

Notes
Turn   | Place    | Note
-------+----------+-------------------------------------------
     0 | D:1      | CurlyBrace the Felid Summoner began the quest for the Orb.
     0 | D:1      | Reached XP level 1. HP: 7/7 MP: 4/4
    67 | D:2      | Found a sacrificial altar of Ru.
   194 | D:2      | Reached skill level 1 in Fighting
   194 | D:2      | Reached XP level 2. HP: 12/12 MP: 3/6
   225 | D:2      | Slain by an adder

Illustrated notes

Levels and vault maps discovered:
D:1:      tarquinn_simple_flora_water_d, layout_basic, cheibriados_altar_1
D:2:      layout_basic, lemuel_statue_altar

Skill      XL: |  1 |
---------------+----+-----
Fighting       | 1 |  1.0
Dodging        | |  2.9
Stealth        | |  2.9
Unarmed Combat | |  0.8
Spellcasting   | |  2.0
Summonings     | |  4.0

Action                   || total
-------------------------++-------
Melee: Unarmed           ||    21
       Bite              ||     2
 Cast: Summon Small Mamm ||     6
  Use: Scroll            ||     1
       Potion            ||     1
 Stab: Sleeping          ||     3
Armor: Skin              ||     2
Dodge: Dodged            ||    17

Table legend: (Time is in decaauts)
 A = Elapsed time spent in this place.
 B = Non-inter-level travel time spent in this place.
 C = Inter-level travel time spent in this place.
 D = Time resting spent in this place.
 E = Time spent auto-exploring this place.
 F = Levels seen in this place.
 G = Mean time per level.
                   A        B        C        D        E       F      G
               +--------+--------+--------+--------+--------+-----+--------+
         Total |    189 |    189 |      0 |      0 |      0 |   2 |   94.5 |
       Dungeon |    189 |    189 |      0 |      0 |      0 |   2 |   94.5 |
               +--------+--------+--------+--------+--------+-----+--------+

Top non-repeatable levels by time:
     D:2: 166 daAuts
     D:1: 22 daAuts
